 Dungeon Crawl Stone Soup version 0.26-a0-812-g31a745ddcd (webtiles) character file.

Game seed: 12355731225236577928

374 MalarOregon the Conjurer (level 6, 0/67 HPs)
             Began as a Draconian Conjurer on Dec 3, 2020.
             Slain by a lemure (8 damage)
             ... led by Pikel
             ... on level 3 of the Dungeon.
             The game lasted 00:09:43 (4522 turns).

MalarOregon the Conjurer (Draconian Conjurer)       Turns: 4522, Time: 00:09:44

Health: 0/67       AC:  7    Str: 10    XL:     6   Next: 43%
Magic:  11/11      EV: 13    Int: 20    God:
Gold:   186        SH:  0    Dex:  9    Spells: 7/12 levels left

rFire    . . .     SeeInvis .   r - +1 whip (drain)
rCold    . . .     Faith    .   (no shield)
rNeg     . . .     Spirit   .   (armour unavailable)
rPois    .         Reflect  .   (helmet restricted)
rElec    .         Harm     .   (no cloak)
rCorr    .         Rampage  .   (no gloves)
MR       .....                  f - +0 pair of boots
Stlth    ..........             (no amulet)
HPRegen  0.21/turn              m - ring of wizardry
MPRegen  0.12/turn              (no ring)

@: berserking, very quick
A: unfitting armour, cold-blooded, AC +6
a: no special abilities


You were on level 3 of the Dungeon.
You visited 1 branch of the dungeon, and saw 4 of its levels.

You collected 186 gold pieces.

Inventory:

Hand Weapons
 n - a +2 spear of flaming
   (You took it off a gnoll on level 3 of the Dungeon)
 r - a +1 whip of draining (weapon)
   (You took it off a hobgoblin on level 3 of the Dungeon)
Armour
 f - a +0 pair of boots (worn)
   (You found it on level 1 of the Dungeon)
Jewellery
 h - an uncursed ring of fire
   (You found it on level 1 of the Dungeon)
 m - a ring of wizardry (left hand)
   (You found it on level 3 of the Dungeon)
Scrolls
 b - a scroll of identify {unknown}
 e - 3 scrolls of remove curse {@r2}
 i - a scroll of enchant weapon {unknown}
 k - a scroll of enchant armour {unknown}
 l - 3 scrolls of blinking {unknown}
Potions
 a - a potion of lignification {unknown}
 c - 2 potions of haste {@q3}
 g - a potion of mutation {unknown}
 j - a potion of curing {unknown}
 o - a potion of degeneration {unknown}
 p - a potion of brilliance {unknown}


   Skills:
 + Level 3.4 Dodging
 - Level 1.7 Stealth
 + Level 3.5 Spellcasting
 * Level 6.2 Conjurations


You had 7 spell levels left.
You knew the following spells:

 Your Spells              Type           Power        Failure   Level
a - Magic Dart            Conj           ####         1%          1
z - Fulminant Prism       Conj/Hex       ###.......   16%         4

Your spell library contained the following spells:

 Spells                   Type           Power        Failure   Level
 Searing Ray              Conj           ####..       1%          2
 Dazzling Flash           Conj/Hex       ###...       4%          3
 Iskenderun's Mystic Bla  Conj/Tloc      ###.....     16%         4


Dungeon Overview and Level Annotations

Branches:
Dungeon (4/15)
 Temple: D:4-7

Altars:
Cheibriados
Dithmenos
Ru

Annotations:
D:3 Pikel


Innate Abilities, Weirdness & Mutations

Your plain brown scales are hard. (AC +6)
You cannot fit into any form of body armour.
You are cold-blooded and may be slowed by cold attacks.


Message History

* * * LOW HITPOINT WARNING * * *
The spell is quite dangerous to cast (16% risk of failure)!
Continue anyway?
You conjure a prism of explosive energy!
A fulminant prism comes into view.
Your extra speed is starting to run out.
You hear a loud crackle.
You start resting.
You hear an explosion!
You feel yourself slow down.
Aim: Pikel, wielding a +0 whip of freezing and wearing a +0 robe (almost dead)
The magic dart hits Pikel but does no damage.
Pikel scowls and wipes his hands on his robe.
Your magical contamination has completely faded away.
Aim: Pikel, wielding a +0 whip of freezing and wearing a +0 robe (almost dead)
The magic dart hits Pikel.
Pikel says, "You'll make a fine lemure."
There is an open door here.
Pikel cracks his whip.
Pikel waves his whip at you.
There is an open door here.
Pikel hits you but does no damage.
There is an open door here.
You see here a +0 dagger of speed.
You see here a +0 flail.
There is an open door here.
Pikel says, "Hell isn't that bad."
There is an open door here.
There is an escape hatch in the ceiling here.
Pikel hits you with a +0 whip of freezing!
* * * LOW HITPOINT WARNING * * *
You feel yourself slow down. Pikel freezes you.
* * * LOW HITPOINT WARNING * * *
As you read the scroll labelled VUPPED MYERA, it crumbles to dust.
It is a scroll of amnesia.
Really abort (and waste the scroll)?
Okay, then.
Pikel closely misses you.
It was a potion of berserk rage.
A red film seems to cover your vision as you go berserk!
You feel yourself moving faster!
You feel mighty!
You feel yourself speed up. Pikel barely misses you.
The lemure completely misses you.
Pikel hits you with a +0 whip of freezing.
* * * LOW HITPOINT WARNING * * *
Pikel freezes you.
* * * LOW HITPOINT WARNING * * *
You hit Pikel. You closely miss Pikel. The lemure hits you!
You die...

#########'###
#.# #.# ###
#####.## ..#
#......# #.#
#......# #.#
#......#
#.#######
#####'##
........##
#@######
#.#####..#
#K5....# #.#
###'####
#......# .[#
#......#
#......# ###
#......#
#<.....#
#......#
#.[....#
#......#
#.#########
#......#
#.........#
#......#
#.........#


You could see Pikel and a lemure.

Vanquished Creatures
  An ogre (D:3)
  A hound (D:3)
  Terence (D:1)
  An iguana (D:3)
  An orc wizard (D:3)
  Robin (D:2)
  3 gnolls
  6 adders
  A worm (D:2)
  2 dart slugs
  2 leopard geckos
  5 orcs (D:3)
  A giant cockroach (D:1)
  13 goblins
  14 hobgoblins
  4 jackals (D:1)
  3 quokkas
  3 ball pythons
  5 bats
  5 frilled lizards
  7 kobolds
  5 rats
85 creatures vanquished.

Vanquished Creatures (others)
  A fulminant prism (D:3)
1 creature vanquished.

Grand Total: 86 creatures vanquished

Notes
Turn   | Place    | Note
-------+----------+-------------------------------------------
     0 | D:1      | MalarOregon the Draconian Conjurer began the quest for the
                  | Orb.
     0 | D:1      | Reached XP level 1. HP: 14/14 MP: 3/3
   240 | D:1      | Reached XP level 2. HP: 12/20 MP: 0/5
  1112 | D:2      | Noticed Terence
  1124 | D:1      | Reached XP level 3. HP: 26/26 MP: 3/6
  1249 | D:2      | Noticed Robin
  1297 | D:2      | Killed Robin
  1523 | D:2      | Reached XP level 4. HP: 24/33 MP: 0/7
  1941 | D:1      | Killed Terence
  1941 | D:1      | Reached skill level 5 in Conjurations
  2271 | D:2      | Found a shadowy altar of Dithmenos.
  2764 | D:3      | Learned a level 4 spell: Fulminant Prism
  2855 | D:2      | Reached XP level 5. HP: 20/38 MP: 0/9
  3628 | D:3      | Found a snail-covered altar of Cheibriados.
  3777 | D:3      | Found a sacrificial altar of Ru.
  3998 | D:3      | Reached XP level 6. HP: 45/45 MP: 7/10
  4279 | D:4      | Noticed Pikel
  4298 | D:3      | Reached skill level 6 in Conjurations
  4399 | D:3      | HP: 2/45 [something (11)]
  4522 | D:3      | Slain by a lemure

Illustrated notes

Levels and vault maps discovered:
D:1:      scummos_arrival_simple_crosswalls, layout_loops_cross,
          nrook_mini_backslash
D:2:      layout_basic, nicolae_dithmenos_shadow_blocks, uniq_terence,
          uniq_robin
D:3:      layout_basic, nicolae_ru_sacrificial_ziggurat, kennysheep_slug_shrine
D:4:      layout_rooms, lemuel_crystal_altar, lemuel_crystal_altar,
          lemuel_doored_altar, serial_shops, shop, uniq_pikel

Skill      XL: |  1  2  3  4  5  6 |
---------------+-------------------+-----
Dodging        | 2 3 |  3.4
Conjurations   | 5 6 |  6.2
Spellcasting   | 3 |  3.5
Stealth        | |  1.7

Action                   |  1- 3 |  4- 6 || total
-------------------------+-------+-------++-------
Melee: Hand axe          |    34 |    17 ||    51
       Dagger            |     2 |     5 ||     7
       Tailslap          |     2 |     6 ||     8
       Club              |       |     9 ||     9
       Spear             |       |    29 ||    29
       Whip              |       |    27 ||    27
 Cast: Magic Dart        |    60 |   141 ||   201
       Fulminant Prism   |       |     1 ||     1
  Use: Scroll            |       |     2 ||     2
       Potion            |       |     2 ||     2
Armor: Skin              |    13 |    34 ||    47
Dodge: Dodged            |    40 |    75 ||   115

Table legend: (Time is in decaauts)
 A = Elapsed time spent in this place.
 B = Non-inter-level travel time spent in this place.
 C = Inter-level travel time spent in this place.
 D = Time resting spent in this place.
 E = Time spent auto-exploring this place.
 F = Levels seen in this place.
 G = Mean time per level.
                   A        B        C        D        E       F      G
               +--------+--------+--------+--------+--------+-----+--------+
         Total |   4526 |   4339 |    187 |    778 |   2527 |   4 | 1131.5 |
       Dungeon |   4526 |   4339 |    187 |    778 |   2527 |   4 | 1131.5 |
               +--------+--------+--------+--------+--------+-----+--------+

Top non-repeatable levels by time:
     D:3: 1776 daAuts
     D:1: 1729 daAuts
     D:2: 1015 daAuts
     D:4: 6 daAuts
